 Dungeon Crawl Stone Soup version 0.25-a0-310-g60f0ac2d9a (webtiles) character file.

Game seed: 17371033581188997412, levelgen mode: deterministic

272 Essalna the Poker (level 6, 0/42 HPs)
             Began as a Merfolk Skald on Dec 24, 2019.
             Was a Follower of Hepliaklqana.
             Killed from afar by an orc wizard (7 damage)
             ... with a magic dart
             ... on level 4 of the Dungeon.
             The game lasted 00:10:29 (3702 turns).

Essalna the Poker (Merfolk Skald)                   Turns: 3702, Time: 00:10:29

Health: 0/42       AC:  9    Str: 14    XL:     6   Next: 23%
Magic:  5/10       EV: 13    Int: 12    God:    Hepliaklqana [*.....]
Gold:   128        SH:  0    Dex: 13    Spells: 10/11 levels left

rFire    . . .     SeeInvis .   a - +0 spear
rCold    . . .     Gourm    .   (no shield)
rNeg     . . .     Faith    .   b - +0 leather armour
rPois    .         Spirit   .   q - +0 helmet
rElec    .         Reflect  .   r - +2 cloak
rCorr    .         Harm     .   (no gloves)
MR       .....                  s - +0 pair of boots
Stlth    +.........             (no amulet)
HPRegen  0.14/turn              c - +1 ring of protection
MPRegen  0.12/turn              (no ring)

@: infused
A: change form in water, swift swim, stealthy swim, reduced essence
a: Recall Ancestor, Ancestor Identity, Renounce Religion


You were on level 4 of the Dungeon.
You worshipped Hepliaklqana.
Hepliaklqana was aware of your devotion.
You were not hungry.

You visited 1 branch of the dungeon, and saw 4 of its levels.

You collected 128 gold pieces.

Inventory:

Hand Weapons
 a - a +0 spear (weapon)
Armour
 b - a +0 leather armour (worn)
 q - a +0 helmet (worn)
 r - a +2 cloak (worn)
 s - a +0 pair of boots (worn)
 w - a +1 ring mail of positive energy
Jewellery
 c - a +1 ring of protection (left hand)
Scrolls
 e - a scroll of enchant armour {unknown}
 f - 2 scrolls of amnesia {unknown}
 g - a scroll of noise {unknown}
 i - a scroll of fear {unknown}
 l - a scroll of immolation {unknown}
 m - 5 scrolls of identify {unknown}
 o - 2 scrolls of remove curse {unknown}
Potions
 h - a potion of ambrosia {unknown}
 j - a potion of curing {unknown}
 n - a potion of heal wounds {unknown}
 p - a potion of flight {unknown}
 t - 2 potions of degeneration {unknown}
 u - 3 potions of might
 v - 2 potions of lignification {unknown}
Comestibles
 d - 4 rations


   Skills:
 + Level 3.5 Fighting
 + Level 4.8 Polearms
 - Level 1.0 Armour
 + Level 4.3 Dodging
 + Level 3.1 Spellcasting
 + Level 4.4 Charms


You had 10 spell levels left.
You knew the following spells:

 Your Spells              Type           Power        Failure   Level  Hunger
a - Infusion              Chrm           ##..         4%          1    #......

Your spell library contained the following spells:

 Spells                   Type           Power        Failure   Level  Hunger
 Song of Slaying          Chrm           ##......     8%          2    ###....
 Shroud of Golubria       Chrm/Tloc      #.....       19%         2    ###....
 Regeneration             Chrm/Necr      #.........   36%         3    ###....
 Spectral Weapon          Hex/Chrm       #.......     36%         3    ###....


Dungeon Overview and Level Annotations

Branches:
Dungeon (4/15)
 Temple: D:4-7

Altars:
Elyvilon
Hepliaklqana
Sif Muna
Trog
Uskayaw

Shops:
D:4 }


Message History

Ahumratum misses something.
Something closely misses Ahumratum.
You swap places.
The orc hits you with a +0 hand axe.
* * * LOW HITPOINT WARNING * * *
Something hits you but does no damage.
You hit something but do no damage. The orc barely misses you.
You closely miss something. Something hits you but does no damage.
The orc barely misses you.
Casting: Infusion (safe; 4% risk of failure)
Confirm with . or Enter, or press ? or * to list all spells.
You begin infusing your attacks with magical energy.
Something hits you.
* * * LOW HITPOINT WARNING * * *
The orc hits you with a +0 hand axe.
* * * LOW HITPOINT WARNING * * *
You closely miss something. Something barely misses you.
You miss something. The orc closely misses you.
You hear some strange, mumbled words.
A magic dart appears from out of thin air!
The magic dart hits you!
You die...

#...[..######
#......##....
#.........##.
#......####.#
#......# #.##
#.##.######.#
#.##.........
#####
#.##.########
#{@R###.##.##
#o#.........#
#.#####.##..#
#. #.# .# ..
... .. ..
.... .# ...
..... # . ...
.......
......


You could see the friendly Ahumratum the ancestor and an orc.

Vanquished Creatures
  3 orc wizards
  Terence (D:3)
  5 adders
  An ooze (D:2)
  4 worms
  4 leopard geckos
  4 orcs
  2 ball pythons (D:1)
  12 bats
  2 giant cockroaches (D:2)
  5 goblins
  11 hobgoblins
  7 jackals (D:2)
  A quokka (D:2)
  2 frilled lizards
  8 kobolds
  A leopard gecko skeleton (D:3)
  7 rats
80 creatures vanquished.

Vanquished Creatures (collateral kills)
  An ooze (D:2)
  3 orcs (D:3)
  2 bats (D:2)
  A goblin (D:3)
  A jackal (D:2)
  2 rats (D:2)
10 creatures vanquished.

Vanquished Creatures (others)
  An ancestor (D:3)
1 creature vanquished.

Grand Total: 91 creatures vanquished

Notes
Turn   | Place    | Note
-------+----------+-------------------------------------------
     0 | D:1      | Essalna the Merfolk Skald began the quest for the Orb.
     0 | D:1      | Reached XP level 1. HP: 16/16 MP: 3/3
   284 | D:1      | Reached XP level 2. HP: 7/22 MP: 1/5
   658 | D:1      | Reached skill level 1 in Armour
  1039 | D:1      | Reached XP level 3. HP: 21/28 MP: 2/6
  1745 | D:2      | Found a hazy altar of Hepliaklqana.
  1763 | D:2      | Reached XP level 4. HP: 34/34 MP: 0/7
  1836 | D:2      | Became a worshipper of Hepliaklqana the Forgotten
  2053 | D:2      | Found a bloodstained altar of Trog.
  2712 | D:3      | Reached XP level 5. HP: 36/36 MP: 3/8
  2713 | D:3      | Noticed a +0 hand axe
  2717 | D:3      | Noticed a +0 hand axe
  2719 | D:3      | Found a hide-covered altar of Uskayaw.
  2882 | D:3      | Found a white marble altar of Elyvilon.
  2927 | D:3      | Reached * piety under Hepliaklqana
  3083 | D:3      | Noticed Terence
  3138 | D:3      | Killed Terence
  3411 | D:3      | Reached XP level 6. HP: 31/42 MP: 10/10
  3415 | D:3      | Found a shimmering blue altar of Sif Muna.
  3660 | D:4      | Found Geush's Gadget Shoppe.
  3702 | D:4      | Killed from afar by an orc wizard

Levels and vault maps discovered:
D:1:      dpeg_arrival_arbitrary_b, layout_rooms, minmay_misc_feat_plants
D:2:      layout_basic, bloody_trog, nicolae_overflow_crystal_walls,
          corexii_item_surrounded_by_moat, hangedman_decor_slide_cut,
          fountainhead, minmay_strange_pillars, minmay_3d_cube
D:3:      layout_basic, dancing_weapons_uskayaw, lemuel_crystal_altar, tgw_sif,
          first_ration, uniq_terence
D:4:      layout_loops_ring, lightli_sewer_entry_pipes, serial_shops, shop

Skill      XL: |  1  2  3  4  5 |
---------------+----------------+-----
Armour         | 1 |  1.0
Dodging        | 3 4 |  4.3
Polearms       | 4 |  4.8
Charms         | 4 |  4.4
Fighting       | 3 |  3.5
Spellcasting   | 3 |  3.1

Action                   |  1- 3 |  4- 6 || total
-------------------------+-------+-------++-------
Melee: Spear             |   146 |   226 ||   372
       Tailslap          |       |     2 ||     2
 Cast: Infusion          |    13 |    12 ||    25
 Stab: Distracted        |       |     2 ||     2
       Sleeping          |       |     1 ||     1
  Eat: Chunk             |     3 |     7 ||    10
Armor: Leather armour    |    31 |    63 ||    94
Dodge: Dodged            |    64 |   111 ||   175

Table legend:
 A = Non-vault XP
 B = Vault XP
 C = Vault XP percentage of total XP
 D = Non-vault monster count
 E = Vault monster count
 F = Vault count percentage of total count
                 A         B        C        D         E       F
            +---------+---------+-------+---------+---------+-------
      Total |     311 |      78 |  20.1 |      84 |       6 |   6.7
            +---------+---------+-------+---------+---------+-------
        D:1 |      35 |       0 |   0.0 |      20 |       0 |   0.0
        D:2 |      83 |       6 |   6.7 |      33 |       4 |  10.8
        D:3 |     145 |      72 |  33.2 |      28 |       2 |   6.7
        D:4 |      48 |       0 |   0.0 |       3 |       0 |   0.0
            +---------+---------+-------+---------+---------+-------
